[Event "Live Chess"]
[Site "Chess.com"]
[Date "2023.05.21"]
[Round "-"]
[White "Hacker_2009"]
[Black "Mugzwang"]
[Result "1-0"]
[WhiteElo "1942"]
[BlackElo "1291"]
[TimeControl "300"]
[EndTime "22:53:12 PDT"]
[Termination "Hacker_2009 won by resignation"]

1. d4 d5 2. Nf3 Nf6 3. e3 c5 4. c4 cxd4 5. Nxd4 Nc6 6. Nc3 Nxd4 7. Qxd4 Qa5 8. cxd5 e5 9. dxe6 Bxe6 10. Bb5+ Bd7 11. Bxd7+ Nxd7 12. O-O Be7 13. Qxg7 O-O-O 14. Qxf7 Qg5 15.
e4 Qf6 16. Qc4+ Kb8 17. Nd5 Qe6 18. Bf4+ 1-0

[Event "Live Chess"]
[Site "Chess.com"]
[Date "2023.05.21"]
[Round "-"]
[White "Nazarenko_vital"]
[Black "matt1979"]
[Result "0-1"]
[WhiteElo "1626"]
[BlackElo "1513"]
[TimeControl "300"]
[EndTime "22:53:20 PDT"]
[Termination "matt1979 won on time"]

1. e4 c5 2. c3 Nf6 3. e5 Nd5 4. d4 cxd4 5. cxd4 Nc6 6. Nf3 d6 7. Bc4 Nb6 8. Bb5 Bd7 9. Bxc6 Bxc6 10. Be3 e6 11. O-O Be7 12. Nc3 O-O 13. h3 Rc8 14.
Rc1 Nc4 15. Qe2 Nxe3 16. fxe3 a6 17. Qf2 b5 18. exd6 Bxd6 19. Ne5 Bxe5 20. dxe5 Bd5 21. b3 Bb7 22. Ne2 Qg5 23. Qg3 Qxg3 24. Nxg3 Rfd8 25. Ne2 Rd2 26. Rxc8+ Bxc8 27. Nc1 Bb7 28. Rf2 Rxf2 29. Kxf2 Kf8 30. Nd3 Ke7 31. Nc5 Bc8 32. b4 f6 33.
exf6+ gxf6 34. g4 f5 35. g5 Kd6 36. h4 a5 37. a3 axb4 38. axb4 Kd5 39. h5 Ke5 40. Kg3 Kd5 41. Kf4 e5+ 42. Kf3 e4+ 43.
Kf4 Be6 44. g6 hxg6 45. Nxe6 Kxe6 0-1

[Event "Live Chess"]
[Site "Chess.com"]
[Date "2023.05.21"]
[Round "-"]
[White "Supertromp"]
[Black "LaupMiths"]
[Result "0-1"]
[WhiteElo "2165"]
[BlackElo "1818"]
[TimeControl "300"]
[EndTime "22:54:35 PDT"]
[Termination "LaupMiths won by resignation"]

1. e4 c5 2. Nf3 e6 3. Qe2 Nc6 4.
g3 g6 5. Bg2 Bg7 6. O-O Nge7 7.
d3 O-O 8. c3 e5 9. Be3 d6 10.
Nbd2 h6 11. a4 f5 12. Nc4 f4 13. Bd2 g5 14. b4 g4 15. Nh4 f3 16. Nxf3 gxf3 17.
Bxf3 Bh3 18. Rfb1 Ng6 19. bxc5 dxc5 20. Rxb7 Rb8 21. Rab1 Qf6 22. Rxb8 Nxb8 23. Bg2 Bxg2 24. Kxg2 Nc6 25. Be3 Rb8 26. Rxb8+ Nxb8 27. Bxc5 Qg5 28. Be3 Qe7 29. Qg4 Kh7 30. h4 Nc6 31. h5 Nf8 32. Qf5+ Kh8 33. g4 Qe6 34. Qf3 Nd7 35. g5 hxg5 36.
Bxg5 Bh6 37. Bxh6 Qxh6 38. Ne3 Qg5+ 39. Ng4 Qxh5 40. Qg3 Ne7 41. d4 Ng6 42. d5 Nf4+ 43.
Kg1 Ne2+ 0-1

[Event "Live Chess"]
[Site "Chess.com"]
[Date "2023.05.21"]
[Round "-"]
[White "Singapourfeuj"]
[Black "mirandaasilva"]
[Result "1-0"]
[WhiteElo "2211"]
[BlackElo "1653"]
[TimeControl "300"]
[EndTime "22:54:57 PDT"]
[Termination "Singapourfeuj won by checkmate"]

1. d4 d5 2. c4 e6 3. Nf3 dxc4 4. e3 Nf6 5. Bxc4 Be7 6. O-O O-O 7. Qe2 a6 8. Nc3 Nbd7 9. Rd1 Nb6 10. Bd3 Bd7 11.
e4 Rc8 12. h3 c5 13. d5 c4 14. Bc2 exd5 15. e5 Ne4 16. Nxe4 dxe4 17. Qxe4 Bc6 18. Qxh7# 1-0

[Event "Live Chess"]
[Site "Chess.com"]
[Date "2023.05.21"]
[Round "-"]
[White "raminguy"]
[Black "nigelst"]
[Result "1-0"]
[WhiteElo "1945"]
[BlackElo "1720"]
[TimeControl "300"]
[EndTime "22:55:08 PDT"]
[Termination "raminguy won by resignation"]

1. d4 Nf6 2. Nc3 d5 3. Bf4 Bf5 4. e3 e6 5. Nf3 c6 6. Ne5 Nbd7 7. g4 Bg6 8. h4 h6 9. Nxg6 fxg6 10. Qd3 Kf7 11. h5 g5 12. Qg6+ Kg8 13. Bg3 Qe8 14.
Qd3 e5 15. dxe5 Nxe5 16. Bxe5 Qxe5 17. O-O-O Ne4 18. Nxe4 dxe4 19. Qb3+ Kh7 20. Rd4 Be7 21.
Rxe4 Qd6 22. Bd3 g6 23. hxg6+ Kg7 24. Re6 Qd8 25. Rd1 Qf8 26. Bf5 Re8 27. Rd7 h5 28.
Qxb7 hxg4 29. Rexe7+ Rxe7 30. Rxe7+ Kg8 31. Be6+ 1-0

[Event "Live Chess"]
[Site "Chess.com"]
[Date "2023.05.21"]
[Round "-"]
[White "Tushinskiy"]
[Black "omisoc"]
[Result "0-1"]
[WhiteElo "2195"]
[BlackElo "2164"]
[TimeControl "300"]
[EndTime "22:55:09 PDT"]
[Termination "omisoc won by checkmate"]

1. d4 Nf6 2. c3 g6 3. Nf3 Bg7 4. Bf4 d6 5. Bg3 O-O 6. Nbd2 c5 7. e3 Qb6 8. Nc4 Qc7 9. Bd3 Be6 10. Ncd2 Qb6 11.
Qb1 Nc6 12. O-O cxd4 13. exd4 Nh5 14. Re1 Nxg3 15. hxg3 Rfe8 16. Nc4 Qc7 17. Ne3 d5 18. Ng5 Qd6 19. Nxe6 Qxe6 20. f4 Qd6 21. Ng4 f5 22. Nf2 e6 23. Re2 g5 24. Nh3 Nxd4 25. cxd4 Bxd4+ 26.
Kh2 g4 27. Nf2 Rac8 28. Qd1 Qb6 29. Qd2 Rc6 30. Rae1 Rec8 31. a3 Qb3 32. Bxf5 Bxf2 33.
Bxe6+ Rxe6 34. Rxe6 Qxg3+ 35. Kh1 Qh4# 0-1

[Event "Live Chess"]
[Site "Chess.com"]
[Date "2023.05.21"]
[Round "-"]
[White "ProfPoisson"]
[Black "Conradical12"]
[Result "0-1"]
[WhiteElo "1120"]
[BlackElo "1626"]
[TimeControl "300"]
[EndTime "22:55:18 PDT"]
[Termination "Conradical12 won by checkmate"]

1. e4 e5 2. Nf3 Nc6 3. d4 exd4 4. Bc4 Nf6 5. e5 Ng4 6. Ng5 d6 7. Nxf7 Qh4 8. g3 Qh3 9. Nxh8 Qg2 10. Bf7+ Kd8 11. Rf1 Nxh2 12. Bg5+ Be7 13. Bxe7+ Kxe7 14. Bc4 Bg4 15. exd6+ Kd7 16. Be2 Re8 17. dxc7 Nf3# 0-1

[Event "Live Chess"]
[Site "Chess.com"]
[Date "2023.05.21"]
[Round "-"]
[White "BillythekidFellowes"]
[Black "Bakunian2022"]
[Result "1-0"]
[WhiteElo "2032"]
[BlackElo "760"]
[TimeControl "300"]
[EndTime "22:55:41 PDT"]
[Termination "BillythekidFellowes won on time"]

1. e4 g6 2. Nf3 Bg7 3. d4 d6 4. Bc4 Nf6 5. Nc3 O-O 6. O-O Nbd7 7.
Be3 b6 8. e5 dxe5 9. dxe5 Ne8 10.
e6 fxe6 11. Bxe6+ Kh8 12. Qd5 Rb8 13. Rfd1 Nef6 14. Qb5 a6 15. Qa4 Qe8 16. Nh4 Nc5 17. Bxc5 Qxa4 18. Nxa4 Bxe6 19. Bxe7 Rfe8 20. Bxf6 Bxf6 21.
Nf3 b5 22. Nc5 Bxb2 23. Rab1 Bg7 24. Nxa6 Bf5 25. Nxb8 Bxc2 26. Nc6 Bxb1 27. Rxb1 Bf8 28.
Rxb5 Re2 29. g3 Rxa2 30. Rb8 Kg7 31. Nfd4 Bd6 32. h4 Ra1+ 33. Kg2 Rd1 34. h5 Rd2 35. hxg6 hxg6 36. Rd8 Bc5 37. Ne6+ Kf7 38. Nxc5 Rxd8 39. Nxd8+ Ke7 40. Ndb7 1-0

[Event "Live Chess"]
[Site "Chess.com"]
[Date "2023.05.21"]
[Round "-"]
[White "Nazar_777"]
[Black "Doge_Dandolo"]
[Result "0-1"]
[WhiteElo "1619"]
[BlackElo "1910"]
[TimeControl "300"]
[EndTime "22:56:31 PDT"]
[Termination "Doge_Dandolo won by checkmate"]

1. e3 g6 2. h4 Bg7 3. a3 d6 4. c4 c5 5. Nc3 Nc6 6. Nf3 Rb8 7.
Be2 a6 8. Qc2 Nf6 9. b3 Bf5 10.
Bd3 Bxd3 11. Qxd3 Ng4 12. Qc2 Nge5 13. Bb2 Nxf3+ 14. gxf3 e6 15. Rc1 b5 16. cxb5 axb5 17. Ne4 Bxb2 18. Qxb2 e5 19. b4 f5 20. Ng5 Qe7 21.
bxc5 dxc5 22. Qc3 c4 23. f4 Rf8 24. d3 exf4 25. dxc4 fxe3 26. fxe3 bxc4 27. Rh3 Rb3 28. Qxc4 Rxe3+ 29. Rxe3 Qxe3+ 30. Kf1 Kd8 31. Ne6+ Ke7 32.
Nxf8 Qf3+ 33. Ke1 Qe3+ 34. Kd1 Kxf8 35. Qxc6 Kg7 36. a4 Qd3+ 37. Ke1 Qg3+ 38. Kf1 Qh3+ 39. Qg2 Qd3+ 40. Kg1 Qe3+ 41. Kh2 Qxc1 42. a5 Qc7+ 43. Kh3 Qxa5 44. Kg3 Qc3+ 45. Kf4 Qc7+ 46. Kg5 h6# 0-1

[Event "Live Chess"]
[Site "Chess.com"]
[Date "2023.05.21"]
[Round "-"]
[White "MaximKhimchenko"]
[Black "Duke_of_Bebington"]
[Result "1-0"]
[WhiteElo "1406"]
[BlackElo "1574"]
[TimeControl "300"]
[EndTime "22:56:44 PDT"]
[Termination "MaximKhimchenko won by checkmate"]

1. e4 e5 2. Nf3 Nf6 3. d4 Nxe4 4.
dxe5 d5 5. c4 Bc5 6. Be3 Bxe3 7.
fxe3 Bg4 8. Qxd5 Bxf3 9. gxf3 Qh4+ 10. Ke2 Qf2+ 11. Kd3 Nc6 12. Kxe4 Qxb2 13. Bh3 Rd8 14. Qb5 Qxa1 15. Rg1 O-O 16. e6 Rfe8 17. Qg5 Qxa2 18. Qxg7# 1-0

[Event "Live Chess"]
[Site "Chess.com"]
[Date "2023.05.21"]
[Round "-"]
[White "Biranidun"]
[Black "WilliamofOrange16th"]
[Result "1-0"]
[WhiteElo "2553"]
[BlackElo "1840"]
[TimeControl "300"]
[EndTime "22:56:52 PDT"]
[Termination "Biranidun won by resignation"]

1. e4 d6 2. d4 Nf6 3. Nc3 Nbd7 4. Nf3 e5 5. Bc4 Be7 6. O-O O-O 7. a4 a5 8. h3 c6 9. Re1 Nb6 10. Ba2 Nfd7 11. Be3 exd4 12. Nxd4 Nc5 13. Qh5 g6 14. Qh6 Bf6 15. Rad1 Bg7 16. Qf4 Qe7 17. Qg3 h6 18. Bf4 Rd8 19. Nf3 Ne6 20. Bxd6 Qe8 21.
e5 Bd7 22. Bb3 Nc8 23. Ba3 b5 24. axb5 cxb5 25. Bd6 Bc6 26. Nd5 Nxd6 27. exd6 Bxd5 28. Bxd5 Ra6 29. Bxe6 fxe6 30. d7 Rxd7 31. Rxd7 Qxd7 32.
Qxg6 Qf7 33. Qd3 Qf5 34. Qd8+ Kh7 35. c3 b4 36. cxb4 axb4 37. Qd7 Qd5 38. Qf7 Qf5 39. Qb7 Qd3 40. Qxb4 Rd6 41. b3 Bc3 42. Qe4+ Qxe4 43. Rxe4 Rd1+ 44. Kh2 Rb1 45. Rxe6 Ba5 46. Re3 Bc7+ 47.
g3 Rb2 48. Re7+ 1-0

[Event "Live Chess"]
[Site "Chess.com"]
[Date "2023.05.21"]
[Round "-"]
[White "KeithArkell"]
[Black "tpm07"]
[Result "1-0"]
[WhiteElo "2561"]
[BlackElo "1914"]
[TimeControl "300"]
[EndTime "22:56:52 PDT"]
[Termination "KeithArkell won by resignation"]

1. d4 Nf6 2. Nf3 e6 3. c4 d5 4. cxd5 exd5 5. Nc3 Bb4 6. Bg5 Nbd7 7. e3 c6 8. Bd3 h6 9. Bxf6 Nxf6 10. Ne5 O-O 11. O-O Bxc3 12. bxc3 Ne4 13. c4 Be6 14. cxd5 cxd5 15. Rc1 Qa5 16. Qe2 Rac8 17. Qb2 b6 18. Nc6 Qd2 19. Qxd2 Nxd2 20. Ne7+ Kh8 21.
Nxc8 Nxf1 22. Nxa7 Nxe3 23. fxe3 Ra8 24. Rc7 1-0

[Event "Live Chess"]
[Site "Chess.com"]
[Date "2023.05.21"]
[Round "-"]
[White "Supertromp"]
[Black "MaximKris"]
[Result "0-1"]
[WhiteElo "2151"]
[BlackElo "1857"]
[TimeControl "300"]
[EndTime "22:56:58 PDT"]
[Termination "MaximKris won by resignation"]

1. e4 e5 2. Nf3 Nc6 3. Bc4 Bc5 4. c3 Nf6 5. d4 exd4 6. b4 Bb6 7. e5 d5 8. exf6 dxc4 9. Qe2+ Be6 10. b5 Na5 11. fxg7 Rg8 12. cxd4 Bxd4 13. Nxd4 Qxd4 14. Bb2 Qc5 15. Bf6 Qf5 16. Qb2 Qe4+ 17. Qe2 Qxg2 18. Rf1 Rxg7 19. Bxg7 Qxg7 0-1

[Event "Live Chess"]
[Site "Chess.com"]
[Date "2023.05.21"]
[Round "-"]
[White "HonestJoe1"]
[Black "Shepherds_Pie"]
[Result "1-0"]
[WhiteElo "2098"]
[BlackElo "1904"]
[TimeControl "300"]
[EndTime "22:57:13 PDT"]
[Termination "HonestJoe1 won by resignation"]

1. d4 d5 2. Nf3 e5 3. Nxe5 Nf6 4. Bg5 Bd6 5. e3 O-O 6. Bd3 c5 7. c3 Nc6 8. Nxc6 bxc6 9. Nd2 Re8 10. O-O h6 11. Bh4 Be7 12. dxc5 Bxc5 13. Nb3 Be7 14. Nd4 c5 15. Nc6 Qc7 16. Nxe7+ Qxe7 17. Qf3 Qe5 18. Bxf6 gxf6 19. c4 Bb7 20. Qg3+ Qxg3 21. hxg3 d4 22. exd4 cxd4 23. Rfe1 Bc6 24. b4 Re6 25. a4 Rae8 26. Rxe6 fxe6 27. b5 Bb7 28. a5 a6 29. Rb1 e5 30. f3 axb5 31. cxb5 Kf7 32. a6 Bd5 33. b6 f5 34. b7 e4 35. a7 Bxb7 36. Rxb7+ Kf6 37.
Bc4 d3 38. Rb8 d2 39. Be2 exf3 40. Bxf3 Re1+ 41. Kh2 d1=Q 42. Bxd1 1-0

[Event "Live Chess"]
[Site "Chess.com"]
[Date "2023.05.21"]
[Round "-"]
[White "Jo1ts"]
[Black "YrrriKharkiv"]
[Result "0-1"]
[WhiteElo "822"]
[BlackElo "2014"]
[TimeControl "300"]
[EndTime "22:57:26 PDT"]
[Termination "YrrriKharkiv won by resignation"]

1. d4 Nf6 2. Bf4 d6 3. e3 Nbd7 4. Nf3 c5 5. Nbd2 Qb6 6. b3 cxd4 7. exd4 d5 8. c4 e6 9. Bd3 Be7 10. Ne5 Nxe5 11. Bxe5 h5 12. O-O Bd7 13. cxd5 exd5 14.
Be2 h4 15. g3 hxg3 16. fxg3 Qe6 17. Re1 Qh3 18. g4 Nxg4 19. Bxg4 Bxg4 20. Bd6 Bxd1 21.
Rxe7+ Kd8 22. Rxd1 Qg4+ 0-1

[Event "Live Chess"]
[Site "Chess.com"]
[Date "2023.05.21"]
[Round "-"]
[White "Long1968"]
[Black "LutherSullivan"]
[Result "0-1"]
[WhiteElo "1048"]
[BlackElo "2190"]
[TimeControl "300"]
[EndTime "22:57:52 PDT"]
[Termination "LutherSullivan won on time"]

1. e4 c5 2. c3 Nf6 3. e5 Nd5 4. d4 cxd4 5. cxd4 Nc6 6. Nf3 d6 7. exd6 Qxd6 8. Nc3 Bg4 9. Be2 e6 10. O-O Be7 11. h3 Bh5 12. Ne5 Bxe2 13. Nxe2 Nxe5 14.
dxe5 Qxe5 15. Qa4+ Kf8 16. Re1 Nb6 17. Qb3 Qd5 18. Be3 Qa5 19. Bxb6 axb6 20. Nd4 Bc5 0-1

[Event "Live Chess"]
[Site "Chess.com"]
[Date "2023.05.21"]
[Round "-"]
[White "Tushinskiy"]
[Black "OleksiyJr1"]
[Result "1-0"]
[WhiteElo "2195"]
[BlackElo "961"]
[TimeControl "300"]
[EndTime "22:59:20 PDT"]
[Termination "Tushinskiy won by checkmate"]

1. d4 f5 2. c3 e6 3. Nf3 Nf6 4. Bf4 d5 5. e3 Nc6 6. Bg3 Bd6 7.
Bd3 O-O 8. Nbd2 b6 9. Qe2 Bb7 10.
O-O-O a5 11. Ne5 Ne4 12. Nxe4 fxe4 13. Bc2 Nxe5 14. dxe5 Be7 15. Bxe4 Qe8 16. Bc2 Rd8 17.
Qg4 d4 18. exd4 Bxg2 19. Rhg1 Bd5 20. f4 Bxa2 21. Bh4 g6 22. Bxe7 Qxe7 23. h4 Qf7 24. Rdf1 Bc4 25. Rf2 c5 26. h5 Kg7 27.
hxg6 Qxg6 28. Bxg6 hxg6 29. Qxg6+ Kh8 30. Rh2# 1-0

[Event "Live Chess"]
[Site "Chess.com"]
[Date "2023.05.21"]
[Round "-"]
[White "SavagePawn7"]
[Black "Ferrarifan27"]
[Result "0-1"]
[WhiteElo "788"]
[BlackElo "2071"]
[TimeControl "300"]
[EndTime "22:59:30 PDT"]
[Termination "Ferrarifan27 won by resignation"]

1. e4 e5 2. d4 exd4 3. c3 dxc3 4. Bc4 Nc6 5. Nxc3 Bb4 6. Ne2 d6 7. Qb3 Qe7 8. O-O Nf6 9. Re1 O-O 10. Bd2 Bc5 11. Nd5 Nxd5 12. exd5 Na5 13. Qa4 Nxc4 14.
Qxc4 Qf6 15. Be3 Bxe3 16. fxe3 Qe7 17. Nf4 Bf5 18. b3 Be4 19. Rad1 b6 20. Rd4 Bg6 21. Re4 Bxe4 0-1

[Event "Live Chess"]
[Site "Chess.com"]
[Date "2023.05.21"]
[Round "-"]
[White "nigelst"]
[Black "Singapourfeuj"]
[Result "0-1"]
[WhiteElo "1719"]
[BlackElo "2212"]
[TimeControl "300"]
[EndTime "22:59:39 PDT"]
[Termination "Singapourfeuj won by resignation"]

1. e4 c5 2. Nf3 d6 3. Bb5+ Bd7 4. Bxd7+ Qxd7 5. O-O g6 6. c3 Bg7 7. d4 Nf6 8. Re1 cxd4 9. cxd4 d5 10. e5 Ne4 11.
Nc3 Nxc3 12. bxc3 e6 13. a4 O-O 14. Ba3 Rc8 15. Qd2 Nc6 16. Rab1 Na5 17. Bd6 Nc4 18.
Qc2 b6 19. Bb4 a5 20. Bd6 Nxd6 21. exd6 Qxd6 22. Qb3 Rab8 23. Rec1 Rc4 24. Qb5 Qc6 25. Qxc6 Rxc6 26. Rb3 Rc4 27. Rcb1 Rxa4 28. h3 Rc4 29. Rxb6 Rxb6 30. Rxb6 Rxc3 31. Rb8+ Bf8 32. Ne5 Kg7 33. Nd7 Rc1+ 34. Kh2 Bd6+ 0-1

[Event "Live Chess"]
[Site "Chess.com"]
[Date "2023.05.21"]
[Round "-"]
[White "peter-785"]
[Black "profpirate4"]
[Result "0-1"]
[WhiteElo "1209"]
[BlackElo "1226"]
[TimeControl "300"]
[EndTime "22:59:55 PDT"]
[Termination "profpirate4 won by resignation"]

1. e4 c5 2. Nf3 d6 3. Bc4 Nf6 4. Nc3 e6 5. d4 cxd4 6. Nxd4 a6 7. O-O b5 8. Bb3 b4 9. Nce2 Nxe4 10. Re1 Nc5 11.
Bc4 Nbd7 12. Nc6 Qc7 13. Nxb4 d5 14. Bb3 Nxb3 15. axb3 Bxb4 16. c3 Bd6 17. Qd4 Bxh2+ 18. Kf1 Be5 19. Qg4 Bf6 20. Ng3 Ne5 21. Qf4 Ra7 22. Be3 Nd3 23. Qxc7 Rxc7 24. Reb1 O-O 25. Ra4 e5 26. b4 e4 27. b3 Rxc3 28. Ra5 Nxb4 29.
Rc1 Rxc1+ 30. Bxc1 Rd8 31. Be3 d4 32. Bd2 Nc6 33. Rc5 Bb7 34. Nxe4 Ne5 35. Ng3 Nd3 36. Rc7 Bd5 37. b4 Be5 38. Ne2 0-1

[Event "Live Chess"]
[Site "Chess.com"]
[Date "2023.05.21"]
[Round "-"]
[White "Duke_of_Bebington"]
[Black "Rusty_Bridges"]
[Result "0-1"]
[WhiteElo "1564"]
[BlackElo "1514"]
[TimeControl "300"]
[EndTime "23:00:31 PDT"]
[Termination "Rusty_Bridges won by resignation"]

1. e4 d6 2. d4 Nf6 3. Nc3 Nbd7 4. f4 e5 5. fxe5 dxe5 6. d5 Bb4 7. Bd3 Nc5 8. Ne2 Bg4 9. O-O Bxc3 10. bxc3 Ncxe4 11. h3 Bh5 12. c4 Ng3 13. Rf2 e4 14. Qf1 Nxf1 0-1

[Event "Live Chess"]
[Site "Chess.com"]
[Date "2023.05.21"]
[Round "-"]
[White "chessfiction"]
[Black "smoggyrabbit"]
[Result "1-0"]
[WhiteElo "2348"]
[BlackElo "1739"]
[TimeControl "300"]
[EndTime "23:00:42 PDT"]
[Termination "chessfiction won on time"]

1. e4 e6 2. d4 d5 3. Nc3 Nf6 4.
e5 Nfd7 5. Nce2 c5 6. c3 Nc6 7. f4 Be7 8. Nf3 O-O 9. h4 b6 10. h5 h6 11. g4 cxd4 12. cxd4 Ba6 13. g5 hxg5 14. Nxg5 Nb4 15. Nc3 Bxf1 16. Kxf1 Bxg5 17. fxg5 f6 18. gxf6 Nxf6 19. Kg2 Ne4 20. Qg4 Rf2+ 21.
Kg1 Qf8 22. Be3 Rf5 23. Nxe4 dxe4 24. h6 Rf7 25. Rh2 Nd3 26. Rg2 Rc8 27. Qxe6 Re8 28. h7+ Kh8 29. Qg4 Rc8 30. Qxe4 Rc1+ 31. Rxc1 1-0

[Event "Live Chess"]
[Site "Chess.com"]
[Date "2023.05.21"]
[Round "-"]
[White "Nazarenko_vital"]
[Black "Hacker_2009"]
[Result "1-0"]
[WhiteElo "1640"]
[BlackElo "1928"]
[TimeControl "300"]
[EndTime "23:00:53 PDT"]
[Termination "Nazarenko_vital won by resignation"]

1. e4 c5 2. c3 d5 3. e5 e6 4.
d4 Nc6 5. Nf3 Qb6 6. Be2 Bd7 7.
O-O Nge7 8. a3 Nf5 9. b4 cxd4 10. cxd4 Ncxd4 11. Nxd4 Qxd4 12. Qxd4 Nxd4 13. Bd1 Be7 14. Be3 Nc6 15. b5 Nxe5 16. a4 Nc4 17. Bd4 Bf6 18. Bxf6 gxf6 19. Na3 Rc8 20. Nxc4 Rxc4 21. Bf3 Rg8 22.
Rfe1 Kf8 23. g3 Kg7 24. Be2 Rc3 25. b6 a6 26. Rec1 Rgc8 27. Rxc3 Rxc3 28. Kf1 e5 29. a5 d4 30. Ke1 d3 31. Kd2 Rb3 32. Bxd3 Bc6 33.
Rc1 Ra3 34. Rxc6 bxc6 35. Bc4 Ra1 36. Kc2 Ra4 37. Kb3 Ra1 38. Kb4 Kf8 39. b7 Rb1+ 40.
Bb3 c5+ 41. Kc4 Rc1+ 42. Kd5 1-0

[Event "Live Chess"]
[Site "Chess.com"]
[Date "2023.05.21"]
[Round "-"]
[White "Conradical12"]
[Black "jbooth"]
[Result "0-1"]
[WhiteElo "1620"]
[BlackElo "1725"]
[TimeControl "300"]
[EndTime "23:00:59 PDT"]
[Termination "jbooth won by resignation"]

1. e4 d6 2. d4 Nf6 3. Nc3 Nbd7 4. Bc4 e5 5. Nf3 Be7 6. O-O c6 7. Be3 Qc7 8. Qd3 h6 9. dxe5 dxe5 10. Rad1 O-O 11. Ne2 Ng4 12. h3 Nxe3 13. fxe3 Nb6 14.
Bb3 Bd7 15. a4 Rad8 16. Qc3 Kh7 17. a5 Nc8 18. Qxe5 Bd6 19. Qh5 g6 20. Qh4 Be7 21. Qf2 Be6 22. Bxe6 fxe6 23. Rxd8 Bxd8 24. Qe1 Qxa5 25. b4 Qb6 26. Qc3 Bf6 27. e5 Bg7 28.
Nf4 Rxf4 29. Nd4 Rxf1+ 30. Kxf1 c5 0-1

[Event "Live Chess"]
[Site "Chess.com"]
[Date "2023.05.21"]
[Round "-"]
[White "Shepherds_Pie"]
[Black "Jo1ts"]
[Result "1-0"]
[WhiteElo "1904"]
[BlackElo "822"]
[TimeControl "300"]
[EndTime "23:01:39 PDT"]
[Termination "Shepherds_Pie won by resignation"]

1. c4 e5 2. Nc3 Nf6 3. Nf3 Nc6 4. e3 d5 5. cxd5 Nxd5 6. Bb5 Nxc3 7. bxc3 Bd7 8.
Bxc6 Bxc6 9. d4 e4 10. Ne5 Bd5 11. c4 Be6 12. Qa4+ Bd7 13. Nxd7 Qxd7 14. Qb3 Rd8 15. O-O Bd6 16. Qxb7 O-O 17. Qxe4 Qe7 18. Qf3 Qh4 19. g3 Qh3 20. a4 Rfe8 21. d5 Re5 22. Bb2 Rh5 23. Qg2 Qxg2+ 24. Kxg2 Be5 25. Bxe5 Rxe5 26.
Rab1 Re4 27. Rfc1 Rd6 28. Rb8+ 1-0

[Event "Live Chess"]
[Site "Chess.com"]
[Date "2023.05.21"]
[Round "-"]
[White "tpm07"]
[Black "Supertromp"]
[Result "0-1"]
[WhiteElo "1911"]
[BlackElo "2154"]
[TimeControl "300"]
[EndTime "23:01:52 PDT"]
[Termination "Supertromp won by resignation"]

1. d4 Nf6 2. c4 g6 3. Nc3 Bg7 4. e4 d6 5. Be2 O-O 6. Bg5 h6 7. Be3 e5 8. d5 a5 9. f3 Na6 10. g4 c6 11. Qd2 Kh7 12. h4 cxd5 13. cxd5 Bd7 14. g5 Nh5 15. gxh6 Bf6 16. Bg5 b5 17. Nh3 b4 18. Nd1 Bxh3 19. Rxh3 Qd7 20. Nf2 Bxg5 21.
hxg5 Nf4 22. Ng4 Kh8 23. Rh2 Nc5 24. Ne3 Qe7 25. O-O-O a4 26. Nf5 gxf5 27. exf5 Qxg5 28. Rhh1 Nxe2+ 0-1

[Event "Live Chess"]
[Site "Chess.com"]
[Date "2023.05.21"]
[Round "-"]
[White "YrrriKharkiv"]
[Black "martinsmartin63"]
[Result "1-0"]
[WhiteElo "2014"]
[BlackElo "762"]
[TimeControl "300"]
[EndTime "23:02:22 PDT"]
[Termination "YrrriKharkiv won by resignation"]

1. d4 d5 2. c4 e6 3. Nc3 Nf6 4. Bg5 Be7 5. Qc2 Nbd7 6. Nf3 c6 7.
e3 Bb4 8. Bd3 Bxc3+ 9. Qxc3 Qc7 10. O-O Ne4 11. Bxe4 dxe4 12. Nd2 Nf6 13. Bxf6 gxf6 14.
Nxe4 f5 15. d5 fxe4 16. Qxh8+ Ke7 17. d6+ Qxd6 18. Qxh7 Bd7 19. Qxe4 Rh8 20. g3 Qc5 21. Rad1 Qh5 22. h4 Qf5 23. Qxf5 exf5 24. Rd2 f4 25. exf4 Rh6 26. Re1+ Kf8 27. Rxd7 1-0

[Event "Live Chess"]
[Site "Chess.com"]
[Date "2023.05.21"]
[Round "-"]
[White "chessfiction"]
[Black "Hacker_2009"]
[Result "1-0"]
[WhiteElo "2349"]
[BlackElo "1927"]
[TimeControl "300"]
[EndTime "23:02:32 PDT"]
[Termination "chessfiction won by resignation"]

1. e4 c5 2. Nf3 d6 3. d4 cxd4 4.
Nxd4 Nf6 5. Nc3 a6 6. f4 e6 7. Bd3 Be7 8. O-O O-O 9. Kh1 Nc6 10. Be3 d5 11. e5 Nd7 12. Rf3 Nxd4 13. Bxd4 Nc5 14. Rh3 Nxd3 15. Qxd3 h6 16. g4 b5 17. g5 1-0

[Event "Live Chess"]
[Site "Chess.com"]
[Date "2023.05.21"]
[Round "-"]
[White "elephantgerrald"]
[Black "Biranidun"]
[Result "0-1"]
[WhiteElo "369"]
[BlackElo "2553"]
[TimeControl "300"]
[EndTime "23:02:48 PDT"]
[Termination "Biranidun won by checkmate"]

1. e4 c5 2. Bc4 e6 3. Nf3 d5 4.
exd5 exd5 5. Bb5+ Bd7 6. Bxd7+ Qxd7 7. Qe2+ Qe6 8. Qxe6+ fxe6 9. O-O Nc6 10. Re1 Kd7 11.
Ng5 Nd8 12. d3 h6 13. Nf3 Nc6 14. Nc3 Bd6 15. Be3 d4 16. Bxd4 cxd4 17. Ne4 Nf6 18. Nxd6 Kxd6 19. c4 a5 20. Re2 e5 21.
Rae1 Rae8 22. a3 a4 23. Rc1 Nd7 24. Nh4 Rhf8 25. Ng6 Rf6 26. Nh4 Nc5 27. Rb1 Nxd3 28. b4 axb3 29. Rxb3 Nc1 30. c5+ Kd5 31. Rxb7 Nxe2+ 32. Kh1 Rxf2 33. h3 d3 34. Rd7+ Kc4 35. Nf3 Ned4 36. Nxd4 exd4 37. a4 d2 38. a5 d1=Q+ 39. Kh2 Ree2 40. Kg3 Rxg2+ 41. Kh4 Re4# 0-1

[Event "Live Chess"]
[Site "Chess.com"]
[Date "2023.05.21"]
[Round "-"]
[White "omisoc"]
[Black "mirandaasilva"]
[Result "1-0"]
[WhiteElo "2165"]
[BlackElo "1652"]
[TimeControl "300"]
[EndTime "23:02:58 PDT"]
[Termination "omisoc won by checkmate"]

1. Nf3 e6 2. e3 c5 3. c4 b6 4. b3 Nf6 5. Bb2 d5 6. Be2 Bb7 7. O-O Nc6 8. cxd5 Nxd5 9. Nc3 e5 10. Nxd5 Qxd5 11. Bc4 Qd6 12. Ng5 Nd8 13. d4 e4 14.
dxc5 Qxd1 15. Rfxd1 Be7 16. Rxd8+ Rxd8 17. Nxf7 Rf8 18.
Nxd8 Bxd8 19. Bxg7 Rf5 20. cxb6 axb6 21. Rd1 Be7 22.
Bd4 b5 23. Be6 Rh5 24. h3 Rh6 25. Bf5 Rh5 26. Bg4 Rh6 27. Be2 Bc6 28. Rc1 Kf8 29.
a4 bxa4 30. bxa4 Bxa4 31. Rc8+ Kf7 32. Bc4+ Kg6 33. Rg8+ Kh5 34. Be2+ Kh4 35. g3+ Kxh3 36. Bf1# 1-0

[Event "Live Chess"]
[Site "Chess.com"]
[Date "2023.05.21"]
[Round "-"]
[White "WilliamofOrange16th"]
[Black "MaximKris"]
[Result "0-1"]
[WhiteElo "1832"]
[BlackElo "1865"]
[TimeControl "300"]
[EndTime "23:03:06 PDT"]
[Termination "MaximKris won by checkmate"]

1. b3 d5 2. Bb2 Nc6 3. e3 Nf6 4. Bb5 Bd7 5. Nf3 a6 6. Bxc6 Bxc6 7. Ne5 e6 8. O-O Bd6 9. d3 Bxe5 10. Bxe5 Qe7 11. h3 O-O-O 12. Qe2 h5 13. Nd2 g5 14.
e4 dxe4 15. Nxe4 Bxe4 16. dxe4 g4 17. h4 Rhg8 18. g3 Nd7 19. Bf4 f5 20. exf5 e5 21. Bg5 Rxg5 22. hxg5 Qxg5 23. Kg2 Qxf5 24. Rad1 Rh8 25.
Rh1 Nc5 26. Rde1 e4 27. Qe3 Nd7 28. Qxe4 Qf7 29. f4 gxf3+ 30. Qxf3 Qg6 31. Re2 Rf8 32. Qd3 Qc6+ 33. Qe4 Qf6 34. c4 Kb8 35. b4 Rg8 36. Rxh5 Qc3 37. c5 Qxg3+ 38. Kf1 Qg1# 0-1

[Event "Live Chess"]
[Site "Chess.com"]
[Date "2023.05.21"]
[Round "-"]
[White "Nazarenko_vital"]
[Black "JamesWallman"]
[Result "1-0"]
[WhiteElo "1640"]
[BlackElo "757"]
[TimeControl "300"]
[EndTime "23:03:39 PDT"]
[Termination "Nazarenko_vital won by checkmate"]

1. e4 e5 2. Nf3 Nc6 3. d4 exd4 4. Nxd4 Nxd4 5. Qxd4 d6 6. Nc3 Be7 7. Be3 Nf6 8. Be2 O-O 9. h3 h6 10. g4 c5 11. Qd2 Bd7 12. O-O-O Rc8 13. g5 Nh7 14. gxh6 gxh6 15. Bxh6 Re8 16. Rhg1+ Kh8 17. Bg7+ Kg8 18. Bf6+ Kf8 19. Qh6# 1-0